 Dungeon Crawl Stone Soup version 0.29.0-4-gdea44cf6ec (webtiles) character file.

Game seed: 3040050478698814261

7287 qw the Severer (level 10, -5/91 HPs)
             Began as a Minotaur Fighter on Sept 8, 2022.
             Was a Priest of Ru.
             Slain by a komodo dragon (16 damage)
             ... on level 1 of the Lair of Beasts.
             The game lasted 00:04:00 (11948 turns).

qw the Severer (Minotaur Fighter)                  Turns: 11948, Time: 00:04:00

Health: -5/91      AC: 10    Str: 25    XL:     10   Next: 89%
Magic:  9/9        EV: 11    Int:  5    God:    Ru [***...]
Gold:   658        SH:  5    Dex: 10    Spells: 9/9 levels left

rFire   . . .      SeeInvis .   Y - +1 war axe
rCold   . . .      Faith    .   c - +0 buckler
rNeg    . . .      Spirit   .   s - +0 swamp dragon scales
rPois   +          Reflect  .   (helmet restricted)
rElec   +          Harm     .   (no cloak)
rCorr   .          Rampage  .   (no gloves)
Will    .....                   (no boots)
Stlth   ..........              (no amulet)
HPRegen 0.25/turn               (no ring)
MPRegen 0.11/turn               (no ring)

@: exhausted
A: horns 2, no stealth, inability to use devices, retaliatory headbutt,
iridescent scales 1, electricity resistance
a: Renounce Religion, Draw Out Power


You were on level 1 of the Lair of Beasts.
You worshipped Ru.
Ru was most pleased with you.
You visited 3 branches of the dungeon, and saw 11 of its levels.
You also visited: Ossuary.

You collected 784 gold pieces.
You spent 126 gold pieces at shops.


Innate Abilities, Weirdness & Mutations

You have a pair of horns on your head.
You cannot be stealthy.
You cannot study or use magical devices.
You reflexively headbutt those who attack you in melee.
You are partially covered in iridescent scales. (AC +2)
You are resistant to electric shocks. (rElec)


   Skills:
 - Level 9.2 Fighting
 - Level 16.0 Axes
 - Level 3.0 Throwing
 - Level 4.9 Armour
 - Level 4.4 Dodging
 + Level 5.4 Shields


You had 9 spell levels left.
You didn't know any spells.
Your spell library was empty.

Inventory:

Hand Weapons
 p - a +0 morningstar
 Y - a +1 war axe (weapon)
Missiles
 q - 4 silver boomerangs
 r - 2 javelins (quivered)
Armour
 c - a +0 buckler (worn)
 j - a +0 chain mail
 k - the +0 ring mail of the Beggar {Rampage Int+2}
   (You found it on level 1 of the Lair of Beasts)

   Int:       It affects your intelligence (+2).
   Rampage:   It bestows one free step when moving towards enemies.
 s - +0 swamp dragon scales (worn)
Jewellery
 n - a ring of ice
Scrolls
 l - a scroll of identify
Potions
 a - a potion of cancellation
 b - 3 potions of resistance
 d - 2 potions of might
 e - a potion of brilliance {unknown}
 f - 3 potions of curing
 h - 2 potions of haste
 i - a potion of mutation
 m - a potion of ambrosia {unknown}

Dungeon Overview and Level Annotations

Branches:
Dungeon (9/15)             Temple (1/1) D:6            Lair (1/5) D:9
    Orc (0/2) D:9         Ossuary (visited)

Altars:
Ashenzari
Cheibriados
Dithmenos
Elyvilon
Fedhas
Gozag
Hepliaklqana
Kikubaaqudgha
Nemelex Xobeh
Okawaru
Qazlal
Ru
Sif Muna
Trog
Uskayaw
Vehumet
Wu Jian
Xom
Yredelemnul
Zin
The Shining One

Shops:
D:2 (   D:4 *

Annotations:
D:2 1 runed translucent door, Crazy Yiuf


Message History

You furiously retaliate!
You headbutt the komodo dragon. You slice the komodo dragon!!
You headbutt the komodo dragon!
The komodo dragon is almost dead.
You hit the komodo dragon. The komodo dragon bites you!
You closely miss the komodo dragon.
The komodo dragon is almost dead.
You hit the komodo dragon.
The komodo dragon completely misses you.
You hit the komodo dragon.
The komodo dragon is almost dead.
You hit the komodo dragon. The komodo dragon barely misses you.
The komodo dragon bites you!
11944 ||| DRINKING potion of heal wounds.
You feel much better. The komodo dragon barely misses you.
You furiously retaliate!
You headbutt the komodo dragon!
You kill the komodo dragon!
The komodo dragon bites you! The komodo dragon barely misses you.
Your life force feels restored.
Your Dodging skill increases to level 4!
You slash the komodo dragon!
The komodo dragon is severely wounded.
You hit the komodo dragon but do no damage.
The komodo dragon closely misses you. You block the komodo dragon's attack.
You hit the komodo dragon but do no damage.
Your headbutt misses the komodo dragon.
The komodo dragon is severely wounded.
You hit the komodo dragon. You slash the komodo dragon!
Your headbutt misses the komodo dragon.
The komodo dragon is almost dead.
You slash the komodo dragon! The komodo dragon bites you!!
The komodo dragon bites you but does no damage.
You hit the komodo dragon.
The komodo dragon is almost dead.
You closely miss the komodo dragon.
The komodo dragon bites you but does no damage.
The komodo dragon bites you!
You die...

# ## ##.###.##
......l.### ......l@..#
.##..##...# #. ##..#
#...# ###
..####..########.######
#......)...(...........
####.......##P###.#.##P
.......###.#### #######
....... ###


You could see 2 komodo dragons.

Vanquished Creatures
  A hydra (Lair:1)
  A black mamba (Lair:1)
  2 komodo dragons (Lair:1)
  2 kobold demonologists (D:9)
  Maggie (D:8)
  A troll (D:7)
  Sigmund (D:2)
  3 steam dragons
  Duvessa (D:7)
  A water moccasin (Lair:1)
  An orc warrior (D:6)
  An ice beast (D:6)
  2 sky beasts
  5 black bears
  2 ogres
  5 centaurs
  A phantom (D:6)
  6 kobold brigands
  6 bullfrogs
  2 necrophages
  6 scorpions
  7 wights
  Dowan (D:7)
  3 killer bees (D:9)
  An electric eel (Lair:1)
  3 orc priests
  2 hounds
  Jessica (D:2)
  A gnoll bouda (D:7)
  5 iguanas
  5 orc wizards
  8 mummies (Ossuary)
  Robin (D:2)
  7 gnolls
  6 adders
  An ufetubus (D:4)
  2 worms (D:2)
  4 dart slugs
  20 orcs
  5 ball pythons
  7 bats
  11 endoplasms
  A giant cockroach (D:2)
  2 gnoll zombies (Ossuary)
  13 goblins
  10 hobgoblins
  5 quokkas (D:1)
  2 frilled lizards
  2 hobgoblin zombies (Ossuary)
  32 kobolds
  4 orc zombies (Ossuary)
  3 rats
226 creatures vanquished.

Vanquished Creatures (others)
  2 fungi (Lair:1)
  A plant (Lair:1)
3 creatures vanquished.

Grand Total: 229 creatures vanquished

Notes
Turn   | Place    | Note
-------+----------+-------------------------------------------
     0 | D:1      | qw the Minotaur Fighter began the quest for the Orb.
     0 | D:1      | Reached XP level 1. HP: 19/19 MP: 0/0
     0 | D:1      | 0 ||| qw: Version: 0.1-a-112-g44dc6cd
     0 | D:1      | 0 ||| qw: Game counter: 6665
     0 | D:1      | 0 ||| qw: Always use a shield: true
     0 | D:1      | 0 ||| qw: God list: Ru
     0 | D:1      | 0 ||| qw: Allow faded altars: false
     0 | D:1      | 0 ||| qw: Do Orc after D:15 true
     0 | D:1      | 0 ||| qw: Do second Lair branch before Depths: true
     0 | D:1      | 0 ||| qw: Lair rune preference: random
     0 | D:1      | 0 ||| qw: Plans: Normal
     0 | D:1      | 0 ||| PLANNING D:1-11
    58 | D:1      | Reached skill level 3 in Axes
   203 | D:1      | 203 ||| Stepping ~*~*~tactically~*~*~ (stealth).
   207 | D:1      | Reached XP level 2. HP: 26/26 MP: 1/1
   268 | D:1      | 268 ||| Stepping ~*~*~tactically~*~*~ (stealth).
   295 | D:1      | 295 ||| Stepping ~*~*~tactically~*~*~ (stealth).
   347 | D:1      | Reached skill level 4 in Axes
   360 | D:1      | Found a faded altar of an unknown god.
   491 | D:1      | 491 ||| Stepping ~*~*~tactically~*~*~ (stealth).
   582 | D:1      | Reached XP level 3. HP: 31/31 MP: 2/2
   839 | D:1      | 839 ||| Stepping ~*~*~tactically~*~*~ (stealth).
   843 | D:1      | 843 ||| Stepping ~*~*~tactically~*~*~ (stealth).
   847 | D:1      | 847 ||| Stepping ~*~*~tactically~*~*~ (stealth).
   849 | D:1      | 849 ||| Stepping ~*~*~tactically~*~*~ (stealth).
   894 | D:1      | 894 ||| READING scroll labelled GIUBOPSOHU.
   895 | D:1      | 895 ||| READING scroll labelled DALOAQ DUIWKIY.
   896 | D:1      | 896 ||| DRINKING 2 fizzy orange potions.
  1090 | D:2      | Noticed Jessica
  1091 | D:2      | 1091 ||| Stepping ~*~*~tactically~*~*~ (hiding).
  1093 | D:2      | 1093 ||| Stepping ~*~*~tactically~*~*~ (hiding).
  1107 | D:2      | Killed Jessica
  1108 | D:2      | Reached skill level 5 in Axes
  1108 | D:2      | Reached XP level 4. HP: 37/39 MP: 3/3
  1199 | D:2      | Found Badokhao's Antique Weapon Shop.
  1408 | D:2      | Reached skill level 1 in Dodging
  1414 | D:2      | 1414 ||| Stepping ~*~*~tactically~*~*~ (stealth).
  1425 | D:2      | Noticed Sigmund
  1426 | D:2      | 1426 ||| Stepping ~*~*~tactically~*~*~ (stealth).
  1427 | D:2      | 1427 ||| FLEEEEING.
  1428 | D:2      | 1428 ||| FLEEEEING.
  1429 | D:2      | 1429 ||| FLEEEEING.
  1430 | D:2      | 1430 ||| FLEEEEING.
  1431 | D:2      | 1431 ||| FLEEEEING.
  1434 | D:2      | 1434 ||| FLEEEEING.
  1435 | D:2      | 1435 ||| FLEEEEING.
  1436 | D:2      | 1436 ||| FLEEEEING.
  1437 | D:2      | 1437 ||| FLEEEEING.
  1438 | D:2      | 1438 ||| FLEEEEING.
  1439 | D:2      | 1439 ||| FLEEEEING.
  1440 | D:2      | 1440 ||| FLEEEEING.
  1441 | D:2      | 1441 ||| FLEEEEING.
  1442 | D:2      | 1442 ||| FLEEEEING.
  1443 | D:2      | 1443 ||| FLEEEEING.
  1444 | D:2      | 1444 ||| FLEEEEING.
  1445 | D:2      | 1445 ||| FLEEEEING.
  1446 | D:2      | 1446 ||| FLEEEEING.
  1447 | D:2      | 1447 ||| FLEEEEING.
  1448 | D:2      | 1448 ||| FLEEEEING.
  1449 | D:2      | 1449 ||| FLEEEEING.
  1451 | D:2      | 1451 ||| FLEEEEING.
  1452 | D:2      | 1452 ||| FLEEEEING.
  1453 | D:2      | 1453 ||| FLEEEEING.
  1454 | D:2      | 1454 ||| FLEEEEING.
  1455 | D:2      | 1455 ||| STAIRDANCE
  1541 | D:1      | 1541 ||| READING scroll labelled MAOGIE NATIZEOF.
  1542 | D:1      | 1542 ||| DRINKING 2 fizzy purple potions.
  1542 | D:1      | Gained mutation: You are partially covered in iridescent
                  | scales. (AC +2) [potion of mutation]
  1542 | D:1      | Gained mutation: You are resistant to electric shocks.
                  | (rElec) [potion of mutation]
  1545 | D:2      | 1545 ||| STAIRDANCE
  1572 | D:2      | 1572 ||| STAIRDANCE
  1581 | D:2      | 1581 ||| STAIRDANCE
  1590 | D:2      | 1590 ||| Stepping ~*~*~tactically~*~*~ (hiding).
  1591 | D:2      | 1591 ||| Stepping ~*~*~tactically~*~*~ (hiding).
  1601 | D:2      | Killed Sigmund
  1602 | D:2      | Reached skill level 7 in Axes
  1602 | D:2      | Reached XP level 5. HP: 43/45 MP: 4/4
  1696 | D:2      | Noticed Robin
  1704 | D:2      | Killed Robin
  2014 | D:2      | Reached XP level 6. HP: 45/52 MP: 5/5
  2104 | D:2      | Found a runed translucent door.
  2105 | D:2      | Noticed Crazy Yiuf
  2108 | D:2      | 2108 ||| DRINKING 2 emerald potions.
  2370 | D:3      | 2370 ||| FLEEEEING.
  2371 | D:3      | 2371 ||| FLEEEEING.
  2372 | D:3      | 2372 ||| FLEEEEING.
  2373 | D:3      | 2373 ||| FLEEEEING.
  2374 | D:3      | 2374 ||| STAIRDANCE
  2575 | D:3      | 2575 ||| DRINKING 2 potions of curing.
  2575 | D:3      | 2575 ||| (to cure confusion)
  2668 | D:3      | Found an opulent altar of Gozag.
  2716 | D:3      | 2716 ||| Stepping ~*~*~tactically~*~*~ (hiding).
  3084 | D:3      | 3084 ||| DRINKING 3 purple potions.
  3085 | D:3      | 3085 ||| DRINKING 2 grey potions.
  3086 | D:3      | 3086 ||| DROPPING 2 potions of attraction.
  3153 | D:4      | Reached skill level 8 in Axes
  3277 | D:4      | Found Fiptiqimir's Assorted Antiques.
  3287 | D:4      | 3287 ||| BUYING potion of might (72 gold).
  3287 | D:4      | Bought a potion of might for 72 gold pieces
  3287 | D:4      | 3287 ||| BUYING scroll labelled ZYTUEPR QEIJOG (18 gold).
  3287 | D:4      | Bought a scroll labelled ZYTUEPR QEIJOG for 18 gold pieces
  3287 | D:4      | 3287 ||| BUYING scroll of identify (36 gold).
  3287 | D:4      | Bought a scroll of identify for 36 gold pieces
  3287 | D:4      | 3287 ||| SHOPLISTING translucent plate armour (504 gold,
                  | have 56).
  3293 | D:4      | 3293 ||| Stepping ~*~*~tactically~*~*~ (stealth).
  3308 | D:4      | 3308 ||| FLEEEEING.
  3652 | D:4      | Reached skill level 9 in Axes
  3652 | D:4      | Reached XP level 7. HP: 34/59 MP: 6/6
  3653 | D:4      | 3653 ||| FLEEEEING.
  3654 | D:4      | 3654 ||| FLEEEEING.
  3655 | D:4      | 3655 ||| FLEEEEING.
  3656 | D:4      | 3656 ||| FLEEEEING.
  3657 | D:4      | 3657 ||| FLEEEEING.
  4307 | D:4      | 4307 ||| READING scroll labelled ZYTUEPR QEIJOG.
  4308 | D:4      | 4308 ||| READING 2 scrolls of identify.
  4308 | D:4      | 4308 ||| IDENTIFYING smoky dark potion
  4315 | D:5      | Entered Level 5 of the Dungeon
  4672 | D:5      | 4672 ||| Stepping ~*~*~tactically~*~*~ (stealth).
  4690 | D:5      | 4690 ||| FLEEEEING.
  4691 | D:5      | 4691 ||| FLEEEEING.
  4694 | D:5      | 4694 ||| FLEEEEING.
  4695 | D:5      | 4695 ||| FLEEEEING.
  4696 | D:5      | 4696 ||| FLEEEEING.
  4697 | D:5      | 4697 ||| FLEEEEING.
  4698 | D:5      | 4698 ||| FLEEEEING.
  4699 | D:5      | 4699 ||| FLEEEEING.
  4700 | D:5      | 4700 ||| FLEEEEING.
  4701 | D:5      | 4701 ||| FLEEEEING.
  4702 | D:5      | 4702 ||| FLEEEEING.
  4704 | D:5      | 4704 ||| FLEEEEING.
  4705 | D:5      | 4705 ||| FLEEEEING.
  4707 | D:5      | 4707 ||| FLEEEEING.
  4708 | D:5      | 4708 ||| FLEEEEING.
  4709 | D:5      | 4709 ||| FLEEEEING.
  4711 | D:5      | 4711 ||| FLEEEEING.
  4712 | D:5      | 4712 ||| FLEEEEING.
  4713 | D:5      | 4713 ||| FLEEEEING.
  4717 | D:5      | 4717 ||| FLEEEEING.
  4718 | D:5      | 4718 ||| FLEEEEING.
  4719 | D:5      | 4719 ||| FLEEEEING.
  4720 | D:5      | 4720 ||| FLEEEEING.
  4721 | D:5      | 4721 ||| FLEEEEING.
  4722 | D:5      | 4722 ||| FLEEEEING.
  4723 | D:5      | 4723 ||| FLEEEEING.
  4724 | D:5      | 4724 ||| FLEEEEING.
  4725 | D:5      | 4725 ||| FLEEEEING.
  4726 | D:5      | 4726 ||| FLEEEEING.
  4727 | D:5      | 4727 ||| FLEEEEING.
  4729 | D:5      | 4729 ||| FLEEEEING.
  4732 | D:5      | 4732 ||| FLEEEEING.
  4733 | D:5      | 4733 ||| FLEEEEING.
  4734 | D:5      | 4734 ||| FLEEEEING.
  4735 | D:5      | 4735 ||| FLEEEEING.
  4736 | D:5      | 4736 ||| FLEEEEING.
  4737 | D:5      | 4737 ||| FLEEEEING.
  4738 | D:5      | 4738 ||| FLEEEEING.
  4739 | D:5      | 4739 ||| FLEEEEING.
  4740 | D:5      | 4740 ||| FLEEEEING.
  4742 | D:5      | 4742 ||| FLEEEEING.
  4743 | D:5      | 4743 ||| FLEEEEING.
  4744 | D:5      | 4744 ||| FLEEEEING.
  4745 | D:5      | 4745 ||| FLEEEEING.
  4746 | D:5      | 4746 ||| FLEEEEING.
  4747 | D:5      | 4747 ||| FLEEEEING.
  4748 | D:5      | 4748 ||| FLEEEEING.
  4749 | D:5      | 4749 ||| FLEEEEING.
  4750 | D:5      | 4750 ||| FLEEEEING.
  4751 | D:5      | 4751 ||| FLEEEEING.
  4752 | D:5      | 4752 ||| FLEEEEING.
  4753 | D:5      | 4753 ||| STAIRDANCE
  4871 | D:4      | 4871 ||| READING scroll labelled XOHOLO JOATEZU.
  4877 | D:5      | 4877 ||| STAIRDANCE
  5221 | D:5      | Reached skill level 10 in Axes
  5533 | D:5      | 5533 ||| READING scroll labelled RUOMAOH OFA.
  5657 | D:6      | 5657 ||| DROPPING +0 whip.
  5698 | D:6      | Reached skill level 6 in Fighting
  5698 | D:6      | Reached XP level 8. HP: 67/70 MP: 7/7
  5724 | D:6      | HP: 10/70 [orc warrior/+0 glaive (18)]
  5725 | D:6      | 5725 ||| DRINKING potion of heal wounds.
  5911 | D:6      | Found a staircase to the Ecumenical Temple.
  5912 | D:6      | 5912 ||| PLANNING TEMPLE
  5912 | D:6      | 5912 ||| UPGRADING to +0 chain mail.
  5922 | D:6      | 5922 ||| DROPPING +0 scale mail.
  5923 | D:6      | 5923 ||| READING scroll labelled GUANNO SIWK.
  5924 | D:6      | 5924 ||| READING scroll labelled MOSSEU WICEWESH.
  6023 | D:6      | 6023 ||| DRINKING 2 fuming yellow potions.
  6067 | Temple   | Entered the Ecumenical Temple
  6138 | Temple   | Became a worshipper of Ru the Awakened
  6160 | Temple   | 6160 ||| PLANNING D:1-11
  6234 | D:6      | Reached skill level 11 in Axes
  6310 | D:6      | 6310 ||| FLEEEEING.
  6311 | D:6      | 6311 ||| FLEEEEING.
  6336 | D:6      | 6336 ||| FLEEEEING.
  6361 | D:6      | 6361 ||| FLEEEEING.
  6435 | D:6      | 6435 ||| FLEEEEING.
  6436 | D:6      | 6436 ||| FLEEEEING.
  6440 | D:6      | 6440 ||| DRINKING potion of curing.
  6440 | D:6      | 6440 ||| (to cure confusion)
  6550 | D:6      | 6550 ||| Stepping ~*~*~tactically~*~*~ (hiding).
  6701 | D:6      | Reached skill level 1 in Throwing
  6752 | D:6      | 6752 ||| Stepping ~*~*~tactically~*~*~ (hiding).
  7128 | D:6      | Reached skill level 12 in Axes
  7233 | D:6      | 7233 ||| READING scroll labelled LAYNAI PUFRES.
  7234 | D:6      | 7234 ||| DRINKING 2 fizzy emerald potions.
  7235 | D:6      | 7235 ||| DROPPING potion of flight.
  7253 | D:7      | 7253 ||| PLANNING OSSUARY
  7561 | D:7      | Noticed a troll
  7573 | D:7      | Killed a troll
  7574 | D:7      | Reached XP level 9. HP: 47/79 MP: 8/8
  7722 | D:7      | Found a sand-covered staircase.
  7733 | Ossuary  | Entered an ossuary
  7843 | Ossuary  | 7843 ||| INVOKING Sacrifice Artifice.
  7843 | Ossuary  | Gained mutation: You cannot study or use magical devices.
                  | [Ru sacrifice]
  7843 | Ossuary  | Reached * piety under Ru
  7843 | Ossuary  | Reached ** piety under Ru
  8107 | Ossuary  | 8107 ||| READING scroll labelled TOIK WOFEIMM.
  8108 | Ossuary  | 8108 ||| DRINKING 4 fizzy white potions.
  8109 | Ossuary  | 8109 ||| DROPPING 3 potions of degeneration.
  8129 | D:7      | 8129 ||| PLANNING D:1-11
  8533 | D:7      | Reached skill level 13 in Axes
  8602 | D:7      | Noticed Dowan
  8610 | D:7      | Reached skill level 3 in Throwing
  8613 | D:7      | Killed Dowan
  8623 | D:7      | Noticed Duvessa
  8624 | D:7      | 8624 ||| FLEEEEING.
  8625 | D:7      | 8625 ||| FLEEEEING.
  8626 | D:7      | 8626 ||| FLEEEEING.
  8627 | D:7      | 8627 ||| FLEEEEING.
  8628 | D:7      | 8628 ||| FLEEEEING.
  8629 | D:7      | 8629 ||| FLEEEEING.
  8635 | D:7      | Killed Duvessa
  8963 | D:8      | Found a flagged portal.
  9001 | D:8      | 9001 ||| Stepping ~*~*~tactically~*~*~ (hiding).
  9099 | D:8      | 9099 ||| FLEEEEING.
  9100 | D:8      | 9100 ||| FLEEEEING.
  9101 | D:8      | 9101 ||| FLEEEEING.
  9102 | D:8      | 9102 ||| FLEEEEING.
  9103 | D:8      | 9103 ||| FLEEEEING.
  9104 | D:8      | 9104 ||| FLEEEEING.
  9224 | D:8      | 9224 ||| Stepping ~*~*~tactically~*~*~ (cloud).
  9276 | D:8      | 9276 ||| Stepping ~*~*~tactically~*~*~ (stealth).
  9278 | D:8      | 9278 ||| Stepping ~*~*~tactically~*~*~ (cloud).
  9461 | D:8      | Noticed Maggie
  9466 | D:8      | 9466 ||| DRINKING 4 potions of curing.
  9466 | D:8      | 9466 ||| (to cure confusion)
  9467 | D:8      | Killed Maggie
  9468 | D:8      | Reached skill level 14 in Axes
  9706 | D:8      | Reached XP level 10. HP: 67/88 MP: 9/9
  9959 | D:8      | 9959 ||| Stepping ~*~*~tactically~*~*~ (stealth).
  9962 | D:8      | 9962 ||| Stepping ~*~*~tactically~*~*~ (stealth).
 10111 | D:8      | 10111 ||| Stepping ~*~*~tactically~*~*~ (stealth).
 10158 | D:8      | 10158 ||| UPGRADING to +0 swamp dragon scales.
 10168 | D:8      | 10168 ||| READING scroll labelled DUMOUG DYSHRAU.
 10169 | D:8      | 10169 ||| READING 2 scrolls of identify.
 10169 | D:8      | 10169 ||| IDENTIFYING fizzy coppery potion
 10170 | D:8      | 10170 ||| DROPPING potion of invisibility.
 10237 | D:9      | Reached skill level 3 in Dodging
 10239 | D:9      | HP: 18/88 [ice devil[a kobold demonologist] (19)]
 10240 | D:9      | 10240 ||| READING scroll of teleportation.
 10241 | D:9      | Noticed a rust devil
 10241 | D:9      | 10241 ||| DRINKING 2 potions of heal wounds.
 10254 | D:9      | 10254 ||| Stepping ~*~*~tactically~*~*~ (stealth).
 10256 | D:9      | 10256 ||| Stepping ~*~*~tactically~*~*~ (stealth).
 10458 | D:9      | Noticed a sixfirhy
 10514 | D:9      | Found a staircase to the Orcish Mines.
 10554 | D:9      | 10554 ||| Stepping ~*~*~tactically~*~*~ (stealth).
 10563 | D:9      | 10563 ||| Stepping ~*~*~tactically~*~*~ (stealth).
 10593 | D:9      | 10593 ||| Stepping ~*~*~tactically~*~*~ (stealth).
 10746 | D:9      | 10746 ||| INVOKING Sacrifice Stealth.
 10746 | D:9      | Gained mutation: You cannot be stealthy. [Ru sacrifice]
 10746 | D:9      | Reached *** piety under Ru
 10797 | D:9      | Identified the +0 scale mail "Wyuten" {rElec Int+2}
 10799 | D:9      | 10799 ||| FLEEEEING.
 10800 | D:9      | 10800 ||| FLEEEEING.
 10801 | D:9      | 10801 ||| FLEEEEING.
 10807 | D:9      | 10807 ||| FLEEEEING.
 10808 | D:9      | 10808 ||| FLEEEEING.
 10853 | D:9      | 10853 ||| Stepping ~*~*~tactically~*~*~ (stealth).
 10960 | D:9      | Found a staircase to the Lair.
 11044 | D:9      | 11044 ||| Stepping ~*~*~tactically~*~*~ (hiding).
 11059 | D:9      | Reached skill level 15 in Axes
 11220 | D:9      | 11220 ||| PLANNING LAIR
 11248 | Lair:1   | Entered Level 1 of the Lair of Beasts
 11268 | Lair:1   | Identified the +0 ring mail of the Beggar {Rampage Int+2}
 11412 | Lair:1   | Noticed a black mamba
 11413 | Lair:1   | 11413 ||| Stepping ~*~*~tactically~*~*~ (stealth).
 11467 | Lair:1   | Found a frozen archway.
 11475 | Lair:1   | Noticed a four-headed hydra
 11476 | Lair:1   | 11476 ||| Stepping ~*~*~tactically~*~*~ (stealth).
 11478 | Lair:1   | 11478 ||| Stepping ~*~*~tactically~*~*~ (stealth).
 11485 | Lair:1   | Killed a black mamba
 11486 | Lair:1   | Reached skill level 9 in Fighting
 11515 | Lair:1   | 11515 ||| Stepping ~*~*~tactically~*~*~ (stealth).
 11518 | Lair:1   | 11518 ||| SWAPPING to +0 morningstar.
 11524 | Lair:1   | Killed a four-headed hydra
 11525 | Lair:1   | 11525 ||| SWAPPING to +1 war axe.
 11938 | Lair:1   | Reached skill level 16 in Axes
 11939 | Lair:1   | HP: 18/91 [komodo dragon (22)]
 11940 | Lair:1   | 11940 ||| INVOKING Draw Out Power.
 11944 | Lair:1   | 11944 ||| DRINKING potion of heal wounds.
 11947 | Lair:1   | HP: 11/91 [komodo dragon (19)]
 11948 | Lair:1   | Slain by a komodo dragon

Levels and vault maps discovered:
D:1:      dpeg_arrival_tiny_h, layout_rooms,
          ebering_ecumenical_altar_sacrificial, minmay_distorted
D:2:      layout_basic, serial_shops, shop, kennysheep_generic_room_15,
          uniq_crazy_yiuf_cottage, uniq_jessica, uniq_robin, uniq_sigmund
D:3:      layout_basic, grunt_gozag_statues
D:4:      minmay_spotlight, layout_basic, serial_shops, nicolae_lakefront_shop,
          minmay_cut_off
D:5:      layout_loops_ring, nrook_loot_triangle, grunt_ministairs_7
D:6:      minmay_angry_zag, layout_basic, minmay_temple_entry_butterflies
D:7:      layout_loops_corners, nicolae_ossuary_entry_ruins,
          chequers_decorated_corner, uniq_duvessa
D:8:      lemuel_ice_spiral_2, layout_basic, enter_bailey_2, uniq_maggie
D:9:      layout_roguey, lair_entry_dummy, hangedman_glass_teeth
Temple:   mainiacjoe_temple_starburst
Lair:1:   layout_roguey, portal_ice_cave_entry_pillars_2,
          nicolae_volcano_entry_batcave, basic_altar, serial_bayou_ford_a,
          beast_lair_carwin_6, lemuel_fruit_fields

Skill      XL: |  1  2  3  4  5  6  7  8  9 10 |
---------------+-------------------------------+-----
Axes           | 3 4 5 7 9 10 12 14 16 | 16.0
Dodging        | 1 2 4 |  4.4
Fighting       | 4 6 7 8 9 |  9.2
Shields        | 4 5 |  5.4
Throwing       | 2 3 |  3.0
Armour         | 4 |  4.9

Action                   |  1- 3 |  4- 6 |  7- 9 | 10-12 || total
-------------------------+-------+-------+-------+-------++-------
Melee: War axe           |    79 |   117 |   253 |   126 ||   575
       Headbutt          |    11 |    17 |    52 |    20 ||   100
       Morningstar       |       |       |       |     5 ||     5
Throw: Javelin           |       |       |    20 |    12 ||    32
       Boomerang         |       |       |    25 |    13 ||    38
Invok: Sacrifice Artific |       |       |     1 |       ||     1
       Draw Out Power    |       |       |       |     1 ||     1
       Sacrifice Stealth |       |       |       |     1 ||     1
  Use: Scroll            |     2 |     1 |     8 |     3 ||    14
       Potion            |     1 |     5 |     6 |     2 ||    14
 Stab: Invisible         |       |       |     1 |       ||     1
Armor: Scale mail        |    25 |    44 |    14 |       ||    83
       Chain mail        |       |       |    70 |     3 ||    73
       Swamp dragon scal |       |       |       |    48 ||    48
Dodge: Dodged            |    27 |    33 |    76 |    54 ||   190
Block: Buckler           |    13 |    23 |    42 |    29 ||   107

Table legend:
 A = Non-vault XP
 B = Vault XP
 C = Vault XP percentage of total XP
 D = Non-vault monster count
 E = Vault monster count
 F = Vault count percentage of total count
                 A         B        C        D         E       F
            +---------+---------+-------+---------+---------+-------
      Total |    7797 |    2613 |  25.1 |     172 |      54 |  23.9
            +---------+---------+-------+---------+---------+-------
        D:1 |      48 |      11 |  18.6 |      26 |       6 |  18.8
        D:2 |      26 |     298 |  92.0 |      13 |      12 |  48.0
        D:3 |      89 |       0 |   0.0 |      11 |       0 |   0.0
        D:4 |     198 |     101 |  33.8 |      15 |       5 |  25.0
        D:5 |     486 |      53 |   9.8 |       7 |       2 |  22.2
        D:6 |     952 |     354 |  27.1 |      26 |       5 |  16.1
        D:7 |    1197 |     216 |  15.3 |      17 |       2 |  10.5
        D:8 |    1276 |     356 |  21.8 |      27 |       1 |   3.6
        D:9 |    1819 |       0 |   0.0 |      24 |       0 |   0.0
     Lair:1 |    1706 |    1067 |  38.5 |       6 |       5 |  45.5
    Ossuary |       0 |     157 | 100.0 |       0 |      16 | 100.0
            +---------+---------+-------+---------+---------+-------
